 Dungeon Crawl Stone Soup version 0.26-a0-27-g1f0226971c (webtiles) character file.

Game seed: 18393954150057439524, levelgen mode: deterministic

18 tilp the Sneak (level 2, -3/16 HPs)
             Began as a Vine Stalker Assassin on May 27, 2020.
             Slain by a worm (8 damage)
             ... on level 2 of the Dungeon.
             The game lasted 00:02:34 (980 turns).

tilp the Sneak (Vine Stalker Assassin)               Turns: 980, Time: 00:02:34

Health: -3/16      AC:  4    Str: 13    XL:     2   Next: 70%
Magic:  0/3        EV: 11    Int: 11    God:
Gold:   48         SH:  0    Dex: 15    Spells: 1/1 levels left

rFire    . . .     SeeInvis .   a - +3 dagger
rCold    . . .     Gourm    .   (no shield)
rNeg     . . .     Faith    .   b - +0 robe
rPois    .         Spirit   +   (no helmet)
rElec    .         Reflect  .   c - +0 cloak
rCorr    .         Harm     .   (no gloves)
MR       .....                  t - +0 pair of boots
Stlth    +++.......             (no amulet)
HPRegen  0.05/turn              (no ring)
MPRegen  0.08/turn              (no ring)

@: no status effects
A: fangs 2, magic shield, antimagic bite, no potion heal 3, rot immunity
a: no special abilities


You were on level 2 of the Dungeon.
You were not hungry.

You visited 1 branch of the dungeon, and saw 2 of its levels.

You collected 48 gold pieces.

Inventory:

Hand Weapons
 a - a +3 dagger (weapon)
Missiles
 d - 8 poisoned darts (quivered)
 e - 2 curare-tipped darts
 i - 83 stones
Armour
 b - a +0 robe (worn)
 c - a +0 cloak (worn)
 r - a +0 ring mail
 t - a +0 pair of boots (worn)
Scrolls
 h - a scroll of teleportation {unknown}
 k - a scroll of fog {unknown}
 l - a scroll of remove curse
 m - 2 scrolls of amnesia
 o - a scroll of noise {unknown}
 q - 2 scrolls of enchant armour {unknown}
 s - a scroll of fear {unknown}
 u - 2 scrolls of enchant weapon
Potions
 g - 2 potions of magic
 j - a potion of heal wounds
 n - a potion of flight {unknown}
 p - a potion of ambrosia {unknown}
Comestibles
 f - 4 rations


   Skills:
 + Level 2.9 Fighting
 - Level 1.7 Short Blades
 - Level 1.7 Throwing
 - Level 0.7 Dodging
 - Level 4.8 Stealth


You had one spell level left.
You didn't know any spells.
Your spell library contained the following spells:

 Spells                   Type           Power        Failure   Level  Hunger
 Magic Dart               Conj           #...         34%         1    ##.....
 Blink                    Tloc           N/A          47%         2    ###....
 Call Imp                 Summ           #.......     47%         2    ###....
 Slow                     Hex            #.......     47%         2    ###....
 Conjure Flame            Conj/Fire      #.......     71%         3    ####...
 Mephitic Cloud           Conj/Pois/Air  #.......     71%         3    ####...


Dungeon Overview and Level Annotations

Branches:
Dungeon (2/15)

Altars:


Innate Abilities, Weirdness & Mutations

You have extremely sharp teeth.
When hurt, damage is shared between your health and your magic reserves.
Your bite disrupts and absorbs the magic of your enemies.
Potions cannot restore your health.
You are immune to rotting.


Message History

The worm is lightly wounded.
You hit the worm.
The worm is moderately wounded.
The worm misses you.
You hit the worm but do no damage.
The worm is moderately wounded.
The worm misses you.
You hit the worm. You bite the worm, but do no damage.
The worm is heavily wounded.
You barely miss the worm. You bite the worm, but do no damage.
The worm is heavily wounded.
The worm bites you!
* * * LOW HITPOINT WARNING * * *
You barely miss the worm.
The worm is moderately wounded.
You hit the worm. Your bite misses the worm.
The worm is heavily wounded.
The worm bites you!
Ouch! That really hurt!
You die...

#.# #.
#....# #.#
#. #....#
#.# #.
#....# #.#
#. #....#
#.# #....#
#.# ##....
#.#
#.######.#
#..@w....#
######..(#
)#


You could see a worm.

Vanquished Creatures
  2 dart slugs (D:1)
  2 bats (D:1)
  2 giant cockroaches
  A goblin (D:1)
  2 hobgoblins (D:2)
  A kobold (D:2)
  A frilled lizard (D:1)
  2 rats
13 creatures vanquished.

Notes
Turn   | Place    | Note
-------+----------+-------------------------------------------
     0 | D:1      | tilp the Vine Stalker Assassin began the quest for the Orb.
     0 | D:1      | Reached XP level 1. HP: 11/11 MP: 2/2
   399 | D:1      | Reached XP level 2. HP: 16/16 MP: 3/3
   980 | D:2      | Slain by a worm

Illustrated notes

Levels and vault maps discovered:
D:1:      dpeg_arrival_chambers_temple_mockup, layout_basic
D:2:      layout_basic, chequers_ecumenical_altar_twisty, minmay_tetromino_i2

Skill      XL: |  1 |
---------------+----+-----
Fighting       | 2 |  2.9
Short Blades   | |  1.7
Throwing       | |  1.7
Dodging        | |  0.7
Stealth        | |  4.8

Action                   || total
-------------------------++-------
Melee: Dagger            ||    44
       Bite              ||     9
  Use: Scroll            ||     5
 Stab: Sleeping          ||     2
Armor: Robe              ||    14
       Ring mail         ||     6
Dodge: Dodged            ||    19

Table legend:
 A = Non-vault XP
 B = Vault XP
 C = Vault XP percentage of total XP
 D = Non-vault monster count
 E = Vault monster count
 F = Vault count percentage of total count
                 A         B        C        D         E       F
            +---------+---------+-------+---------+---------+-------
      Total |      25 |       2 |   7.4 |      12 |       1 |   7.7
            +---------+---------+-------+---------+---------+-------
        D:1 |      18 |       0 |   0.0 |       8 |       0 |   0.0
        D:2 |       7 |       2 |  22.2 |       4 |       1 |  20.0
            +---------+---------+-------+---------+---------+-------
